 Dungeon Crawl Stone Soup version 0.30-a0-930-gb9d0489357 (webtiles) character file.

Game seed: 7979665051221805579

166 dolemite99 the Poker (level 5, -6/38 HPs)
             Began as a Merfolk Gladiator on Mar 24, 2023.
             Mangled by a gnoll
             ... wielding a +1 whip of electrocution
              (13 damage)
             ... on level 2 of the Dungeon.
             The game lasted 00:04:30 (3084 turns).

dolemite99 the Poker (Merfolk Gladiator)            Turns: 3084, Time: 00:04:30

Health: -6/38      AC: 10    Str: 16    XL:     5   Next: 47%
Magic:  5/5        EV:  8    Int:  8    God:
Gold:   109        SH:  0    Dex: 15    Spells: 4/4 levels left

rFire   . . .      SeeInvis .    a - +0 trident
rCold   . . .      Faith    .    (no shield)
rNeg    . . .      Spirit   .    g - +0 chain mail
rPois   +          Reflect  .    c - +0 helmet
rElec   .          Rampage  .    (no cloak)
rCorr   .                        o - +0 pair of gloves
Will    .....                    (no boots) Stlth
                                 (no amulet)
HPRegen 0.26/turn                r - ring of poison resistance
MPRegen 0.09/turn                (no ring)

@: no status effects
A: (nimble swimmer 2), mertail
a: no special abilities


You were on level 2 of the Dungeon.
You visited 1 branch of the dungeon, and saw 4 of its levels.
You also visited: Ossuary.

You collected 109 gold pieces.

Inventory:

Hand Weapons
 a - a +0 trident (weapon)
Missiles
 d - 2 throwing nets
 e - a javelin
 t - 4 poisoned darts (quivered)
Armour
 b - a +0 leather armour
 c - a +0 helmet (worn)
 g - a +0 chain mail (worn)
 n - an orb of guile
 o - a +0 pair of gloves (worn)
Magical Staves
 q - a staff of fire
Jewellery
 m - a ring of resist corrosion
 r - a ring of poison resistance (left hand)
Scrolls
 k - a scroll of noise
 l - a scroll of enchant weapon {unknown}
 p - a scroll of fear {unknown}
Potions
 f - a potion of mutation
 h - a potion of curing
 j - a potion of might
 u - a potion of degeneration {unknown}


   Skills:
 - Level 2.1 Fighting
 + Level 7.9 Polearms
 - Level 2.0 Throwing
 - Level 4.0 Dodging


You had 4 spell levels left.
You didn't know any spells.
Your spell library contained the following spells:

 Spells                   Type           Power      Damage    Failure   Level
 Static Discharge         Conj/Air       0%         2-2/arc   100%        2
 Stone Arrow              Conj/Erth      0%         3d7       100%        3
 Vhi's Electric Charge    Tloc/Air       0%         N/A       100%        3
 Animate Armour           Summ/Erth      0%         N/A       100%        4
 Arcjolt                  Conj/Air       0%         1d10      100%        5
 Plasma Beam              Fire/Air       0%         2x1d11    100%        5
 Summon Forest            Summ/Tloc      0%         N/A       100%        5
 Eringya's Noxious Bog    Tmut/Pois      0%         N/A       100%        6
 Summon Hydra             Summ           0%         N/A       100%        7
 Lehudib's Crystal Spear  Conj/Erth      0%         10d2      100%        8


Dungeon Overview and Level Annotations

Branches:
Dungeon (4/15)            Ossuary (visited)
 Temple: D:4-7

Altars:
Hepliaklqana
Ru
Uskayaw

Shops:
D:4 :

Annotations:
D:3 Grinder


Innate Abilities, Weirdness & Mutations

((You are very nimble when in or above water. (Stealth+, EV+, Speed+++)))
Your lower body shifts to a powerful aquatic tail in water.


Message History

You are frozen.
The gnoll hits you but does no damage. The endoplasm attacks as you move away!
The endoplasm hits you. The endoplasm attacks as you move away!
The endoplasm hits you but does no damage.
The gnoll shouts!
The gnoll hits you from afar with a +0 spear.
The endoplasm attacks as you move away!
The endoplasm hits you but does no damage.
The gnoll hits you but does no damage. The hobgoblin attacks as you move away!
The hobgoblin closely misses you. The endoplasm attacks as you move away!
The endoplasm closely misses you.
A bat comes into view.
You see here 3 poisoned darts.
The endoplasm attacks as you move away! The endoplasm hits you.
The gnoll attacks as you move away!
The gnoll hits you with a +1 whip of electrocution.
The bat hits you but does no damage.
You see here a ball python skeleton.
The bat attacks as you move away! The bat hits you but does no damage.
The gnoll attacks as you move away! The gnoll hits you but does no damage.
The bat hits you but does no damage.
There is a stone staircase leading up, spattered with blood here.
The hobgoblin hits you but does no damage.
The gnoll closely misses you. The gnoll barely misses you.
The gnoll hits you from afar with a +0 spear.
You climb upwards.
There is a stone staircase leading down here.
The hobgoblin attacks as you move away!
The hobgoblin hits you but does no damage.
The gnoll hits you with a +1 whip of electrocution.
The hobgoblin attacks as you move away! The hobgoblin closely misses you.
The hobgoblin attacks as you move away!
The hobgoblin hits you but does no damage.
You puncture the hobgoblin!
You kill the hobgoblin!
You barely miss the gnoll.
The gnoll hits you with a +1 whip of electrocution!
* * * LOW HITPOINT WARNING * * *
You are electrocuted!
You die...

#.######.......#.#.......#
#..............#.#.......#
..#######.######.<########
#.# ##.# #........# #.#
#†.# #........#
#.######>#######........#
........................#
#####################...#
......#.......#.@g......#
#####.#.#####.#.#####>..#
#...#.#.#...#.#.#...#...#
..#.#.#...#.#.#...#.#####
###.#.#####.#.#####.#
....#.......#.......#
#####################


You could see a gnoll.

Vanquished Creatures
  An orc priest (D:3)
  An orc wizard (D:3)
  An adder (D:3)
  3 gnolls
  A shadow imp (D:3)
  2 dart slugs (D:2)
  3 orcs
  3 bats
  2 endoplasms
  2 giant cockroaches (D:1)
  6 goblins
  7 hobgoblins
  2 jackals (D:2)
  6 kobolds
  3 quokkas
  6 ball pythons
  3 frilled lizards
  A hobgoblin zombie (Ossuary)
  A kobold zombie (Ossuary)
  An orc zombie (Ossuary)
  7 rats (D:1)
62 creatures vanquished.

Notes
Turn   | Place    | Note
-------+----------+-------------------------------------------
     0 | D:1      | dolemite99 the Merfolk Gladiator began the quest for the
                  | Orb.
     0 | D:1      | Reached XP level 1. HP: 16/16 MP: 1/1
    90 | D:1      | Reached XP level 2. HP: 22/22 MP: 2/2
   342 | D:1      | Reached skill level 5 in Polearms
   576 | D:1      | Found a faded altar of an unknown god.
   978 | D:2      | Reached XP level 3. HP: 27/27 MP: 3/3
  1307 | D:2      | Found a hide-covered altar of Uskayaw.
  1560 | D:3      | Reached skill level 6 in Polearms
  1621 | D:3      | Found a hazy altar of Hepliaklqana.
  1643 | D:3      | Reached XP level 4. HP: 33/33 MP: 4/4
  1686 | D:3      | Reached skill level 7 in Polearms
  1686 | D:3      | Reached XP level 5. HP: 30/38 MP: 5/5
  1940 | D:3      | Found a sacrificial altar of Ru.
  2029 | D:3      | Noticed Grinder
  2426 | D:4      | Found Weev's Book Shoppe.
  2492 | D:4      | Found a sand-covered staircase.
  2500 | Ossuary  | Entered an ossuary
  3084 | D:2      | Mangled by a gnoll

Illustrated notes

Levels and vault maps discovered:
D:1:      dpeg_arrival_ratfight, layout_loops_corners,
          shapermc_ecumenical_altar_mp_highgroup
D:2:      layout_rooms, basic_altar, serial_glass, glass_columns_c,
          glass_columns_c, patterned_corridor
D:3:      layout_basic, lemuel_tele_altar, mainiacjoe_overflow_alcove_1,
          uniq_grinder
D:4:      layout_cave_pods, xom_butterflies, serial_shops,
          nicolae_shop_behind_doors, nicolae_ossuary_entry_ruins

Skill      XL: |  1  2  3  4 |
---------------+-------------+-----
Polearms       | 5 6 7 |  7.9
Fighting       | |  2.1
Throwing       | |  2.0
Dodging        | |  4.0

Action                     |  1- 3 |  4- 6 || total
---------------------------+-------+-------++-------
  Melee: Trident           |   113 |    88 ||   201
  Throw: Throwing net      |       |     1 ||     1
    Use: Scroll            |     8 |     2 ||    10
         Potion            |       |     2 ||     2
 Armour: Leather armour    |     1 |       ||     1
         Chain mail        |    58 |    64 ||   122
  Dodge: Dodged            |    47 |    38 ||    85

Table legend: (Time is in decaauts)
 A = Elapsed time spent in this place.
 B = Non-inter-level travel time spent in this place.
 C = Inter-level travel time spent in this place.
 D = Time resting spent in this place.
 E = Time spent auto-exploring this place.
 F = Levels seen in this place.
 G = Mean time per level.
                   A        B        C        D        E       F      G
               +--------+--------+--------+--------+--------+-----+--------+
         Total |   3096 |   3065 |     31 |   1059 |   1231 |   5 |  619.2 |
       Dungeon |   3056 |   3025 |     31 |   1047 |   1231 |   4 |  764.0 |
       Ossuary |     39 |     39 |      0 |     12 |      0 |   1 |   39.0 |
               +--------+--------+--------+--------+--------+-----+--------+

Top non-repeatable levels by time:
     D:1: 850 daAuts
     D:2: 845 daAuts
     D:4: 815 daAuts
     D:3: 544 daAuts
 Ossuary: 39 daAuts
